[Event "4NCL 2021-22"]
[Site "England"]
[Date "2022.03.27"]
[Round "6.67"]
[White "Birtwistle, Nigel"]
[Black "Delaney, Killian"]
[Result "1/2-1/2"]
[ECO "B11"]
[WhiteElo "2110"]
[BlackElo "2292"]
[Annotator "NA"]
[PlyCount "92"]
[EventDate "2021.11.27"]
[EventType "team-tourn"]
[EventCountry "ENG"]
[SourceTitle "playchess.com"]
[Source "ChessBase"]
[SourceQuality "1"]
[TimeControl "40/6000+30:3000+30"]

1. e4 c6 2. Nf3 d5 3. Nc3 dxe4 4. Nxe4 Nf6 5. Qe2 Nxe4 6. Qxe4 Nd7 7. Bc4 Nf6 8. Ne5 e6 9. Qe2 b5 10. Bd3 Qd5 11. O-O Bd6 12. f4 O-O 13. Kh1 Bb7 14. b3 Bc5 15. Rb1 a6 16. Bb2 Bd4 17. Ba3 Bc5 18. Bb2 Rad8 19. Rbd1 Bd4 20. Ba3 Rfe8 21. Bb4 Bc5 22. Ba5 Ra8 23. Bc3 Bd4 24. Nf3 Bxc3 25. dxc3 Qh5 26. c4 b4 27. Qe5 c5 28. Qxh5 Nxh5 29. Ne5 Rad8 30. Be2 Rxd1 31. Bxd1 Nf6 32. Nd3 Rc8 33. Bf3 Bxf3 34. Rxf3 Ne4 35. Re3 f5 36. Re1 Kf7 37. Ra1 Kf6 38. a3 bxa3 39. Rxa3 Rc6 40. g3 g5 41. Kg2 g4 42. Ra5 h5 43. Ne5 Rd6 44. Nd3 Rc6 45. Ne5 Rd6 46. Nd3 Rc6 1/2-1/2

[Event "4NCL 2021-22"]
[Site "England"]
[Date "2022.03.27"]
[Round "6.68"]
[White "Murray, David"]
[Black "Varnam, Liam D"]
[Result "0-1"]
[ECO "B31"]
[WhiteElo "2108"]
[BlackElo "2207"]
[Annotator "ChessBase"]
[PlyCount "58"]
[EventDate "2021.11.27"]
[EventType "team-tourn"]
[EventCountry "ENG"]
[SourceTitle "playchess.com"]
[Source "ChessBase"]
[SourceQuality "1"]
[TimeControl "40/6000+30:3000+30"]

1. e4 c5 2. Nf3 Nc6 3. Bb5 g6 4. O-O Bg7 5. Bxc6 dxc6 6. h3 e5 7. d3 Ne7 8. Be3 b6 9. a4 a5 10. Nbd2 O-O 11. Nc4 f6 12. Nh2 f5 13. Nf3 Qc7 14. Bd2 Be6 15. b3 fxe4 16. Ng5 Bxc4 17. bxc4 exd3 18. Ne6 Qd6 19. Nxf8 Rxf8 20. Bg5 e4 21. Ra3 h6 22. Bxe7 Qxe7 23. cxd3 e3 24. Qe2 Bd4 25. fxe3 Qxe3+ 26. Qxe3 Bxe3+ 27. Kh2 Rxf1 28. Rb3 Bf4+ 29. g3 Bc7 0-1

[Event "4NCL 2021-22"]
[Site "England"]
[Date "2022.03.27"]
[Round "6.69"]
[White "Head, Louise"]
[Black "Freeman, Gordon"]
[Result "0-1"]
[ECO "D16"]
[WhiteElo "2033"]
[BlackElo "2092"]
[Annotator "NA"]
[PlyCount "112"]
[EventDate "2021.11.27"]
[EventType "team-tourn"]
[EventCountry "ENG"]
[SourceTitle "playchess.com"]
[Source "ChessBase"]
[SourceQuality "1"]
[TimeControl "40/6000+30:3000+30"]

1. d4 d5 2. c4 c6 3. Nf3 Nf6 4. Nc3 dxc4 5. a4 $11 a5 6. e3 Bg4 7. Bxc4 e6 8. O-O Bb4 9. h3 Bh5 10. Be2 Nbd7 11. Qc2 Qe7 12. Rd1 O-O 13. Ne5 Bxe2 14. Nxe2 Nxe5 15. dxe5 Nd7 16. f4 Qc5 17. Qe4 Rad8 18. Nd4 Qc4 19. b3 Qa6 20. Qc2 Nb6 21. Rd3 Nd5 22. Bb2 Bc5 23. Rd2 Qb6 24. Qe4 Bxd4 25. exd4 Qxb3 26. Ra3 Qb4 27. Rf2 c5 28. Rg3 Ne7 29. Ba3 Rxd4 30. Bxb4 Rxe4 31. Bxc5 Re8 32. Ra3 Nd5 33. g3 Rc8 34. Bd6 Rcc4 35. Rfa2 h5 36. Kg2 h4 37. f5 exf5 38. gxh4 Rxh4 39. Rb3 Nf4+ 40. Kh2 b6 41. Be7 Rh6 42. Bd8 Re6 43. Bxb6 Rxe5 44. Re3 Rxe3 45. Bxe3 Nd5 46. Bd2 Nb4 47. Rb2 Nc6 48. Ra2 f6 49. Kg3 Kf7 50. Kf2 g5 51. Ra3 Kg6 52. Ke2 f4 53. Kd3 Ne5+ 54. Ke2 Rc2 55. Rc3 f3+ 56. Ke1 f2+ 0-1

[Event "4NCL 2021-22"]
[Site "England"]
[Date "2022.03.27"]
[Round "6.70"]
[White "Carroll, Peter"]
[Black "Milson, Samuel A"]
[Result "1/2-1/2"]
[ECO "C10"]
[WhiteElo "2122"]
[BlackElo "2145"]
[Annotator "NA"]
[PlyCount "84"]
[EventDate "2021.11.27"]
[EventType "team-tourn"]
[EventCountry "ENG"]
[SourceTitle "playchess.com"]
[Source "ChessBase"]
[SourceQuality "1"]
[TimeControl "40/6000+30:3000+30"]

1. e4 e6 2. d4 d5 3. Nc3 dxe4 4. Nxe4 Nd7 5. Nf3 Ngf6 6. Bd3 Be7 7. O-O O-O 8. c3 c5 9. Re1 cxd4 10. cxd4 Nb6 11. Ne5 Nbd5 12. a3 Qb6 13. g4 Nxe4 14. Bxe4 f6 15. g5 f5 16. Bg2 Rd8 17. Qh5 g6 18. Nxg6 hxg6 19. Qxg6+ Kf8 20. Qh7 Qc7 21. g6 Bf6 22. Bh6+ Ke8 23. Qg8+ Ke7 24. Qf7+ Kd6 25. Bxd5 Qxf7 26. gxf7 Kxd5 27. f8=Q Rxf8 28. Bxf8 Bd7 29. Bh6 Rg8+ 30. Kh1 Bc6 31. f3 Bxd4 32. Rad1 Kc5 33. Rd3 e5 34. Rc1+ Kd6 35. h4 Rg3 36. Kh2 Rg6 37. Bg5 Ke6 38. Rc2 Bb6 39. Rcd2 Bc7 40. f4 exf4 41. Kg1 Bb6+ 42. Kh2 Bc7 1/2-1/2

[Event "4NCL 2021-22"]
[Site "England"]
[Date "2022.03.27"]
[Round "6.71"]
[White "Lentzos, Ioanis"]
[Black "Casey, Eoghan"]
[Result "1-0"]
[ECO "E92"]
[WhiteElo "2104"]
[BlackElo "1902"]
[Annotator "NA"]
[PlyCount "63"]
[EventDate "2021.11.27"]
[EventType "team-tourn"]
[EventCountry "ENG"]
[SourceTitle "playchess.com"]
[Source "ChessBase"]
[SourceQuality "1"]
[TimeControl "40/6000+30:3000+30"]

1. d4 g6 2. c4 Bg7 3. e4 Nf6 4. Nc3 O-O 5. Nf3 d6 6. Be2 e5 7. Be3 Nc6 8. d5 Ne7 9. Nd2 Ne8 10. c5 f5 11. f3 fxe4 12. fxe4 c6 13. Nc4 cxd5 14. Nxd5 Nc6 15. h4 Nd4 16. Bg5 Qd7 17. Nxd6 Nxd6 18. cxd6 Qxd6 19. Be7 Qd7 20. Bxf8 Kxf8 21. O-O+ Kg8 22. Rc1 Qd8 23. Bg4 Be6 24. Bxe6+ Nxe6 25. Qg4 Qd6 26. h5 g5 27. h6 Bf8 28. Qf5 Bxh6 29. Qf7+ Kh8 30. Rf6 Rf8 31. Qxe6 Qxe6 32. Rxe6 1-0

[Event "4NCL 2021-22"]
[Site "England"]
[Date "2022.03.27"]
[Round "6.72"]
[White "Crowley, James"]
[Black "Dunn, Maxim"]
[Result "1-0"]
[ECO "B90"]
[WhiteElo "1475"]
[BlackElo "1742"]
[Annotator "NA"]
[PlyCount "87"]
[EventDate "2021.11.27"]
[EventType "team-tourn"]
[EventCountry "ENG"]
[SourceTitle "playchess.com"]
[Source "ChessBase"]
[SourceQuality "1"]
[TimeControl "40/6000+30:3000+30"]

1. e4 c5 2. Nf3 d6 3. d4 cxd4 4. Nxd4 Nf6 5. Nc3 a6 6. Be3 e5 7. Nb3 Be7 8. f3 Be6 9. Qd2 h5 10. Be2 Nbd7 11. O-O Rc8 12. Kh1 O-O 13. f4 exf4 14. Bxf4 Ne5 15. Rad1 Qc7 16. Nd4 Nc4 17. Nxe6 fxe6 18. Bxc4 Qxc4 19. Qd3 Rfd8 20. Bg5 b5 21. Qh3 Rf8 22. Rf3 b4 23. b3 Qc5 24. Qxe6+ Kh7 25. Bxf6 Bxf6 26. Rd5 Rce8 27. Qh3 Qc8 28. Rxh5+ Kg8 29. Rh8+ Kf7 30. Qh5+ Ke7 31. Nd5+ Kd8 32. Rxf8 Rxf8 33. Nxf6 Qxc2 34. Qa5+ Ke7 35. Nd5+ Ke6 36. h4 Rxf3 37. gxf3 Qd1+ 38. Kg2 Qe2+ 39. Kg3 Qe1+ 40. Kg4 Qg1+ 41. Kh5 g6+ 42. Kh6 Qc1+ 43. Kh7 g5 44. Qd8 1-0

[Event "4NCL 2021-22"]
[Site "England"]
[Date "2022.03.27"]
[Round "6.73"]
[White "Turner, Max N"]
[Black "Zakarian, David"]
[Result "1-0"]
[ECO "E48"]
[WhiteElo "2223"]
[BlackElo "2316"]
[Annotator "NA"]
[PlyCount "75"]
[EventDate "2021.11.27"]
[EventType "team-tourn"]
[EventCountry "ENG"]
[SourceTitle "playchess.com"]
[Source "ChessBase"]
[SourceQuality "1"]
[TimeControl "40/6000+30:3000+30"]

1. d4 Nf6 2. c4 e6 3. Nc3 Bb4 4. e3 O-O 5. Bd3 d5 6. Nge2 dxc4 7. Bxc4 a6 8. O-O Nbd7 9. Bb3 Qe7 10. Ng3 b6 11. e4 Rd8 12. a3 Bxc3 13. bxc3 Bb7 14. Qe2 c5 15. Rd1 Nf8 16. f3 cxd4 17. cxd4 Rac8 18. Bb2 b5 19. Rd2 Ng6 20. Rad1 h5 21. d5 exd5 22. e5 Ne8 23. Qe3 h4 24. Nf5 Qe6 25. Qg5 Nc7 26. f4 Qd7 27. Nxg7 Qe7 28. Qh6 Qc5+ 29. Rf2 Qf8 30. e6 f6 31. Bxf6 Ne8 32. Bxd8 Qxg7 33. Qxg7+ Nxg7 34. Bf6 Nf5 35. Rc2 Re8 36. Rc7 Rxe6 37. Bg5 Re3 38. Bc2 1-0

[Event "4NCL 2021-22"]
[Site "England"]
[Date "2022.03.27"]
[Round "6.74"]
[White "Powierski, Emil"]
[Black "Taylor, Adam A"]
[Result "1-0"]
[ECO "B22"]
[WhiteElo "2318"]
[BlackElo "2277"]
[Annotator "NA"]
[PlyCount "99"]
[EventDate "2021.11.27"]
[EventType "team-tourn"]
[EventCountry "ENG"]
[SourceTitle "playchess.com"]
[Source "ChessBase"]
[SourceQuality "1"]
[TimeControl "40/6000+30:3000+30"]

1. e4 c5 2. c3 Nf6 3. e5 Nd5 4. Nf3 Nc6 5. Bc4 e6 6. O-O Be7 7. d4 Nb6 8. Bb3 d6 9. dxc5 dxc5 10. Qe2 Bd7 11. a4 Na5 12. Bc2 Qc7 13. Nbd2 Bc6 14. b3 Rc8 15. c4 Nd7 16. Bb2 h6 17. Ne4 O-O 18. Nd6 Bxd6 19. Qd3 f5 20. exd6 Qb6 21. Ne5 Nxe5 22. Bxe5 Be4 23. Qg3 Rf7 24. Bxe4 fxe4 25. Qg4 Re8 26. Rae1 Qxb3 27. Re3 Qxc4 28. Rg3 e3 29. Qxg7+ Rxg7 30. Rxg7+ Kf8 31. fxe3+ Qxf1+ 32. Kxf1 Nc6 33. Bf6 e5 34. Rxb7 Re6 35. Bg7+ Ke8 36. d7+ Kd8 37. Ke1 Rd6 38. Bf8 Rd5 39. Bxh6 e4 40. h4 Rxd7 41. Bg5+ Ke8 42. Rxd7 Kxd7 43. Bf4 Ke6 44. g4 Ne7 45. h5 Nd5 46. Kd2 Nb6 47. g5 Kf7 48. Kc2 Kg7 49. a5 Nd5 50. Kb3 1-0

[Event "4NCL 2021-22"]
[Site "England"]
[Date "2022.03.27"]
[Round "6.75"]
[White "Coathup, Roger H"]
[Black "Cole, James"]
[Result "1/2-1/2"]
[ECO "A34"]
[WhiteElo "2154"]
[BlackElo "2040"]
[Annotator "NA"]
[PlyCount "109"]
[EventDate "2021.11.27"]
[EventType "team-tourn"]
[EventCountry "ENG"]
[SourceTitle "playchess.com"]
[Source "ChessBase"]
[SourceQuality "1"]
[TimeControl "40/6000+30:3000+30"]

1. Nf3 c5 2. c4 Nf6 3. Nc3 d5 4. cxd5 Nxd5 5. e3 g6 6. Qb3 Nb6 7. Bb5+ Bd7 8. Ne5 e6 9. Nxd7 N8xd7 10. Ne4 Be7 11. d4 O-O 12. O-O Qc7 13. dxc5 Nxc5 14. Nxc5 Qxc5 15. Bd2 Qd5 16. Qxd5 Nxd5 17. Rac1 a6 18. Be2 Rac8 19. Bf3 Bf6 20. b3 Bb2 21. Rcd1 Rfd8 22. Ba5 b6 23. Bxd5 bxa5 24. Bc4 Kg7 25. h4 h5 26. Bxa6 Rxd1 27. Rxd1 Rc1 28. Rxc1 Bxc1 29. Kf1 f5 30. Ke2 e5 31. f3 Ba3 32. Kd3 Kf6 33. Kc4 Ke6 34. Bb7 f4 35. Bd5+ Kd6 36. exf4 exf4 37. Bf7 Kc6 38. Bxg6 Be7 39. Bxh5 Bxh4 40. a3 Kb6 41. Bg6 Be7 42. b4 axb4 43. axb4 Bd6 44. Be4 Bb8 45. Bd3 Bc7 46. Kd5 Bb8 47. Ke6 Bc7 48. Kf5 Bb8 49. Bf1 Bc7 50. Kg4 Bd6 51. b5 Bc7 52. g3 fxg3 53. f4 g2 54. Bxg2 Kxb5 55. f5 1/2-1/2

[Event "4NCL 2021-22"]
[Site "England"]
[Date "2022.03.27"]
[Round "6.76"]
[White "Stephens, Graeme"]
[Black "Oswald, Graeme"]
[Result "0-1"]
[ECO "E38"]
[WhiteElo "2000"]
[BlackElo "2141"]
[Annotator "ChessBase"]
[PlyCount "82"]
[EventDate "2021.11.27"]
[EventType "team-tourn"]
[EventCountry "ENG"]
[SourceTitle "playchess.com"]
[Source "ChessBase"]
[SourceQuality "1"]
[TimeControl "40/6000+30:3000+30"]

1. d4 Nf6 2. c4 e6 3. Nc3 Bb4 4. Qc2 c5 5. e3 b6 6. Nf3 Bb7 7. Bd3 O-O 8. Bd2 Re8 9. Ne4 Bxe4 10. Bxe4 Nxe4 11. Qxe4 d5 12. cxd5 exd5 13. Qc2 Nc6 14. dxc5 bxc5 15. O-O Rc8 16. Rfd1 Qf6 17. a3 Bxd2 18. Qxd2 Red8 19. Rac1 Ne5 20. Nxe5 Qxe5 21. Qc3 f6 22. Qa5 Qc7 23. Qxc7 Rxc7 24. Rd2 Kf7 25. Kf1 Ke6 26. Rdc2 Rdc8 27. Ke2 a5 28. a4 Kd6 29. b3 Rb8 30. Rc3 Rb4 31. Kd3 g5 32. g3 f5 33. h3 h5 34. R1c2 h4 35. Rc1 Rxb3 36. Rxb3 c4+ 37. Kd2 cxb3 38. Rxc7 Kxc7 39. gxh4 gxh4 40. Kc3 Kd6 41. f4 Kc5 0-1

[Event "4NCL 2021-22"]
[Site "England"]
[Date "2022.03.27"]
[Round "6.77"]
[White "Dunn, Andrew"]
[Black "Pozimski, Szymon"]
[Result "1/2-1/2"]
[ECO "D20"]
[WhiteElo "2153"]
[BlackElo "2001"]
[Annotator "ChessBase"]
[PlyCount "46"]
[EventDate "2021.11.27"]
[EventType "team-tourn"]
[EventCountry "ENG"]
[SourceTitle "playchess.com"]
[Source "ChessBase"]
[SourceQuality "1"]
[TimeControl "40/6000+30:3000+30"]

1. d4 d5 2. c4 dxc4 3. e4 e5 4. Nf3 Bb4+ 5. Nc3 exd4 6. Nxd4 Ne7 7. Bxc4 Nbc6 8. Be3 Nxd4 9. Qxd4 Qxd4 10. Bxd4 O-O 11. O-O Nc6 12. Be3 Na5 13. Be2 Bxc3 14. bxc3 Be6 15. Bf4 c5 16. Bd6 Rfc8 17. Rfd1 Nc4 18. Bxc4 Bxc4 19. Rd2 b5 20. Rad1 h6 21. Be7 Re8 22. Bxc5 Rxe4 23. a3 a5 1/2-1/2

[Event "4NCL 2021-22"]
[Site "England"]
[Date "2022.03.27"]
[Round "6.78"]
[White "Wilson, Edgar"]
[Black "Longson, Sarah N"]
[Result "0-1"]
[ECO "C29"]
[WhiteElo "1872"]
[BlackElo "2022"]
[Annotator "NA"]
[PlyCount "78"]
[EventDate "2021.11.27"]
[EventType "team-tourn"]
[EventCountry "ENG"]
[SourceTitle "playchess.com"]
[Source "ChessBase"]
[SourceQuality "1"]
[TimeControl "40/6000+30:3000+30"]

1. e4 e5 2. Nc3 Nf6 3. f4 d5 4. fxe5 Nxe4 5. Qf3 Nc6 6. Bb5 Nxc3 7. dxc3 Qh4+ 8. g3 Qe4+ 9. Qxe4 dxe4 10. Bxc6+ bxc6 11. Be3 Rb8 12. O-O-O Rb5 13. Bf4 Rg8 14. h4 h6 15. Nh3 Bxh3 16. Rxh3 g5 17. hxg5 hxg5 18. Be3 Rxe5 19. Bd4 Re6 20. Rh7 Bd6 21. Rf1 e3 22. Re1 Bxg3 23. Re2 Bf2 24. Rxf2 exf2 25. Bxf2 g4 26. Bxa7 g3 27. Rh1 g2 28. Rg1 f5 29. Bc5 f4 30. a4 f3 31. a5 Re5 32. Bf2 Rxa5 33. Kd2 Re5 34. Bd4 Re2+ 35. Kd1 Rg5 36. b4 Rh5 37. c4 Rh1 38. b5 Rxg1+ 39. Bxg1 f2 0-1

[Event "4NCL 2021-22"]
[Site "England"]
[Date "2022.03.27"]
[Round "6.79"]
[White "Henderson, David"]
[Black "Arora, Tashika"]
[Result "1-0"]
[ECO "A16"]
[WhiteElo "2108"]
[BlackElo "1823"]
[Annotator "NA"]
[PlyCount "171"]
[EventDate "2021.11.27"]
[EventType "team-tourn"]
[EventCountry "ENG"]
[SourceTitle "playchess.com"]
[Source "ChessBase"]
[SourceQuality "1"]
[TimeControl "40/6000+30:3000+30"]

1. c4 Nf6 2. g3 d5 3. cxd5 Nxd5 4. Bg2 g6 5. Nc3 Nxc3 6. bxc3 Bg7 7. Rb1 c6 8. Nf3 O-O 9. O-O Nd7 10. c4 Qa5 11. Qb3 Rb8 12. Qa3 Qxa3 13. Bxa3 Re8 14. Rfc1 c5 15. Bb2 e5 16. d3 f5 17. e3 b6 18. e4 Bb7 19. Re1 fxe4 20. dxe4 Rbd8 21. Rbd1 Ba6 22. Bf1 Bb7 23. Bh3 Nf6 24. Rxd8 Rxd8 25. Bxe5 Nxe4 26. Bxg7 Kxg7 27. Bg2 Kf6 28. h4 Nd2 29. Ng5 Bxg2 30. Kxg2 h6 31. Ne4+ Nxe4 32. Rxe4 Rd2 33. Rf4+ Ke5 34. Rg4 Kf5 35. Rf4+ Ke6 36. Rg4 Kf6 37. Rf4+ Kg7 38. a3 Rd3 39. Rf3 Rd4 40. Rc3 Rd2 41. Kf3 Rd4 42. a4 a5 43. Ke3 Kf7 44. Rb3 Rxc4 45. Rxb6 Rxa4 46. h5 gxh5 47. Rxh6 Rb4 48. Rxh5 a4 49. Rxc5 Rb3+ 50. Kf4 a3 51. Ra5 Rb2 52. f3 Rb4+ 53. Kf5 Rb3 54. Ra7+ Ke8 55. Kg4 Kd8 56. f4 Kc8 57. f5 Kb8 58. Ra4 Kc7 59. Kh4 Rf3 60. g4 Kd6 61. Kg5 Rg3 62. Ra5 Rf3 63. Kg6 Ke7 64. g5 Rg3 65. f6+ Ke6 66. Ra6+ Kd7 67. f7 Rf3 68. Kg7 Ke7 69. Ra7+ Ke6 70. f8=Q Rxf8 71. Kxf8 Kf5 72. Rxa3 Kxg5 73. Rf3 Kg4 74. Rf6 Kg5 75. Ke7 Kg4 76. Ke6 Kg5 77. Ke5 Kg4 78. Rf5 Kg3 79. Rf4 Kg2 80. Ke4 Kg3 81. Ke3 Kg2 82. Rf3 Kg1 83. Rg3+ Kh1 84. Kf3 Kh2 85. Kf2 Kh1 86. Rh3# 1-0

[Event "4NCL 2021-22"]
[Site "England"]
[Date "2022.03.27"]
[Round "6.80"]
[White "Zakarian, Dimitrios Levon"]
[Black "Gazis, Georgios"]
[Result "0-1"]
[ECO "A75"]
[WhiteElo "1962"]
[BlackElo "1817"]
[Annotator "NA"]
[PlyCount "116"]
[EventDate "2021.11.27"]
[EventType "team-tourn"]
[EventCountry "ENG"]
[SourceTitle "playchess.com"]
[Source "ChessBase"]
[SourceQuality "1"]
[TimeControl "40/6000+30:3000+30"]

1. d4 Nf6 2. Nf3 e6 3. c4 c5 4. d5 exd5 5. cxd5 d6 6. Nc3 g6 7. Bf4 a6 8. a4 Bg7 9. e4 Bg4 10. Be2 Nh5 11. Be3 O-O 12. O-O Nd7 13. Nd2 Bxe2 14. Qxe2 Re8 15. Nc4 Ne5 16. Nxe5 Bxe5 17. f4 Bxc3 18. bxc3 Rxe4 19. Qd3 Qe7 20. Bd2 Re8 21. f5 Re2 22. fxg6 hxg6 23. Rad1 Qe4 24. Qh3 Qxd5 25. Bh6 Qe6 26. Qf3 Re4 27. h3 Ng7 28. Rxd6 Qe7 29. Rf6 Re1 30. Rxe1 Qxe1+ 31. Kh2 Qe5+ 32. Kg1 Qe1+ 33. Kh2 Qe5+ 34. Kg1 Nf5 35. Bg5 Qe1+ 36. Kh2 Qe5+ 37. Kg1 Qe1+ 38. Kh2 Qe5+ 39. Kg1 Ng3 40. Bh6 Qe1+ 41. Kh2 Ne2 42. Be3 Qg3+ 43. Qxg3 Nxg3 44. Kxg3 Rxe3+ 45. Rf3 Rxf3+ 46. Kxf3 b5 47. a5 Kg7 48. Ke4 Kf6 49. Kd5 c4 50. Kc5 Ke6 51. h4 f5 52. g3 Ke5 53. h5 gxh5 54. g4 fxg4 55. Kb6 g3 56. Kxa6 g2 57. Kb7 g1=Q 58. a6 Qg8 0-1

[Event "4NCL 2021-22"]
[Site "England"]
[Date "2022.04.30"]
[Round "7.1"]
[White "Pert, Nicholas"]
[Black "Haria, Ravi"]
[Result "0-1"]
[ECO "D38"]
[WhiteElo "2546"]
[BlackElo "2490"]
[Annotator "TA"]
[PlyCount "82"]
[EventDate "2021.11.27"]
[EventType "team-tourn"]
[EventCountry "ENG"]
[SourceTitle "playchess.com"]
[Source "ChessBase"]
[SourceQuality "1"]
[TimeControl "40/6000+30:3000+30"]

1. d4 e6 2. c4 Nf6 3. Nf3 d5 4. Nc3 Bb4 5. Qa4+ Nc6 6. e3 O-O 7. Bd2 Re8 {[%emt 0:03:33] D38: Queen's Gambit Declined: Ragozin Defence (4 Nf3 Bb4).} 8. a3 Bf8 9. Be2 h6 {[%emt 0:05:13] The position is equal.} 10. Rd1 {[%emt 0:06:30] [#]} dxc4 $146 ({Predecessor:} 10... a6 11. Bc1 Bd7 12. Qc2 dxc4 13. Bxc4 b5 14. Be2 e5 15. d5 Na5 16. b4 Nb7 {½-½ (42) Enchev,I (2482)-Spitzl,V (2307) Heusenstamm 2019}) 11. e4 Bd7 (11... Nxd4 $2 12. Nxd4 a6 13. Be3 $18) 12. Qxc4 e5 {[%emt 0:03:54] Against Bf4} (12... b5 $1 $11 13. Qb3 b4 14. axb4 Nxb4) 13. Nxe5 Nxe5 14. dxe5 Be6 15. Qb5 (15. Qa4 $16 Nd7 16. Be3) 15... Nd7 $14 16. Be3 (16. Qxb7 Rb8 17. Qxa7 Bc5 $11) 16... Qc8 17. f4 $1 {[%emt 0:02:04] f5 is the strong threat.} c6 18. Qd3 Qc7 (18... Nc5 $142 19. Bxc5 Bxc5) 19. Bf2 (19. Qd2 $142) 19... Nc5 20. Qg3 Bb3 21. Rc1 Rad8 22. Qe3 (22. Nb1 $16 Ba2 23. Bxc5 Bxc5 24. Rxc5 Bxb1 25. Qe3) 22... Rd7 (22... Ne6 $1 $14) 23. O-O $36 {[%emt 0:00:34][%mdl 2048] White is really pushing.} Red8 24. Bh4 Re8 ({Better is} 24... Rd2 $14) 25. Kh1 a5 $2 (25... Qb6 $16) 26. Nb1 $1 $18 Qb6 27. Bf2 Ba2 28. Bg4 (28. Rxc5 Bxc5 29. Qxc5 Qxb2 $18) 28... Rdd8 29. Rxc5 Bxc5 30. Qxc5 Qxb2 31. Nc3 (31. Qxa5 Bxb1 32. Qb6 Qxb6 33. Bxb6 Bxe4 34. Bxd8 Rxd8 $15) 31... Be6 (31... Rd2 $142 32. Nxa2 Rc2) 32. f5 b6 33. Qxc6 Bd7 (33... Rc8 34. Qxb6 Qxb6 35. Bxb6 Bc4) 34. Qc7 {[%emt 0:00:16] Hoping for e6.} Qd2 35. Nd5 Bb5 36. Be3 Qd3 37. Re1 {[%emt 0:00:48] Black must now prevent e6.} Qxe4 {[%emt 0:00:18] [#]} 38. Bf3 (38. e6 $1 $18 {[%cal Od5f6] Strongly threatening Nf6+!} fxe6 39. Bf3) 38... Qxe5 $11 {[%emt 0:00:40] Dancing on a razor blade.} 39. Nc3 Bd7 $2 (39... Qxc7 $19 40. Ne4 Rd3) 40. Nd5 Bb5 41. Qxb6 $2 {[%emt 0:00:39][%mdl 8192] [#]} (41. Nc3 $11) 41... Rxd5 $2 {[%emt 0:00:04] Quite a comeback for Black.  Weighted Error Value: White=0.70/Black=0.55} ({Black should try} 41... Bc4 $1 $19 42. Ne7+ (42. Nc7 $2 Rb8 $19) 42... Qxe7 43. Qxa5 Qd6) 0-1

[Event "4NCL 2021-22"]
[Site "England"]
[Date "2022.04.30"]
[Round "7.2"]
[White "Tan, Justin"]
[Black "Kirk, Ezra"]
[Result "0-1"]
[ECO "C71"]
[WhiteElo "2526"]
[BlackElo "2438"]
[Annotator "TA"]
[PlyCount "60"]
[EventDate "2021.11.27"]
[EventType "team-tourn"]
[EventCountry "ENG"]
[SourceTitle "playchess.com"]
[Source "ChessBase"]
[SourceQuality "1"]
[TimeControl "40/6000+30:3000+30"]

1. e4 e5 2. Nf3 Nc6 3. Bb5 a6 4. Ba4 d6 5. O-O Bd7 6. c4 g6 7. d4 Bg7 8. Be3 exd4 9. Nxd4 Nge7 10. Nc3 Ne5 {[%emt 0:00:20] C71: Ruy Lopez: Deferred Steinitz Variation, sidelines.} 11. Bb3 O-O {[%emt 0:04:46] [#]} 12. h3 $146 ({Predecessor:} 12. f4 Ng4 13. Bc1 Nc6 14. Nxc6 bxc6 15. h3 Nh6 16. f5 gxf5 17. Bxh6 Bxh6 18. exf5 {0-1 (48) Aguilar,P (1930)-Nunez Cerda,A (1792) Antofagasta 2015}) 12... c5 {[%emt 0:14:05] The position is equal.} 13. Nde2 (13. Nc2 $11) 13... Be6 $1 $15 14. Nd5 Bxd5 ({Black should play} 14... b5 $15) 15. cxd5 $14 b5 16. Qd2 f5 17. f3 a5 (17... c4 $11) 18. Bh6 (18. Nf4 $14) 18... Bxh6 $15 19. Qxh6 c4 20. Bc2 Qb6+ 21. Kh1 fxe4 22. Bxe4 Nf5 23. Bxf5 Rxf5 24. Ng3 Rff8 25. Ne4 Nd3 26. Ng5 (26. b3 $11 {keeps the balance.}) 26... Qb7 {[%emt 0:03:06] Active counter play!} 27. f4 (27. Ne6 Rf5 28. Rab1 Rc8 $17) 27... Rf5 {[%emt 0:03:13] And now ...Raf8 would win.} ({Reject} 27... Nxb2 28. f5 gxf5 29. Ne6 $16) ({Don't play} 27... Rxf4 28. Rxf4 Nxf4 {[#]} 29. Nxh7 $1 Qxh7 30. Qxf4 $16) 28. Ne6 {[%emt 0:01:30][%mdl 8192] [#] Prevents Raf8.} (28. Rf3 $15) 28... Rh5 $19 {[%emt 0:01:21] Black is clearly winning.} 29. Qg5 Rxg5 30. fxg5 Qxd5 {[%emt 0:01:38] Weighted Error Value: White=0.70/Black=0.11 (very precise)} 0-1

[Event "4NCL 2021-22"]
[Site "England"]
[Date "2022.04.30"]
[Round "7.3"]
[White "Pert, Richard G"]
[Black "Speelman, Jon S"]
[Result "1/2-1/2"]
[ECO "B12"]
[WhiteElo "2415"]
[BlackElo "2504"]
[Annotator "TA"]
[PlyCount "55"]
[EventDate "2021.11.27"]
[EventType "team-tourn"]
[EventCountry "ENG"]
[SourceTitle "playchess.com"]
[Source "ChessBase"]
[SourceQuality "1"]
[TimeControl "40/6000+30:3000+30"]

1. e4 c6 2. d4 d5 3. e5 Bf5 4. Nd2 e6 5. Nb3 Nd7 6. Nf3 Ne7 {[%emt 0:00:06] B12: Caro-Kann: Advance Variation.} 7. Be2 Nc8 8. O-O Be7 {[%emt 0:02:59] White has an edge.} 9. a4 O-O 10. a5 a6 11. Be3 $1 {[%emt 0:07:42] 11.Be3 is better than 11.c4.} Na7 12. c3 {[%emt 0:17:14] [#]} Nb5 $146 ({Predecessor:} 12... Qc7 13. Rc1 c5 14. Nxc5 Nxc5 15. dxc5 Bxc5 16. Bxc5 Qxc5 17. Nd4 Bg6 18. Qb3 Rab8 {½-½ (35) Vetoshko,V (2525)-Ponomariov,R (2633) Castelldefels 2021}) 13. h3 Bg6 14. Qd2 Qc7 15. Bg5 Bxg5 16. Qxg5 c5 17. dxc5 Nxc5 18. Nxc5 Qxc5 19. Qd2 Qc7 20. Qe3 Na7 21. Nd4 Nc6 22. Nxc6 bxc6 23. b4 c5 (23... Rfb8 $11) 24. bxc5 $16 {[%emt 0:01:08] White is more active.} Rfc8 {[%emt 0:03:03] [#]} 25. c4 $1 dxc4 {[%emt 0:00:04] [#]} (25... Qxc5 $16 {was necessary.} 26. Qxc5 Rxc5) 26. Rfc1 (26. Rfd1 $1 $18) 26... Qxc5 {[%emt 0:00:06] White must now prevent ...c3.} 27. Rxc4 Qxe3 28. Rxc8+ {[%emt 0:07:02] Weighted Error Value: White=0.07 (flawless) /Black=0.21 (precise)} 1/2-1/2